 Dungeon Crawl Stone Soup version 0.31-a0-627-gd65175cf8b (webtiles) character file.

Game seed: 4081268494035233922

7240 CrazyBamboolord the Mimic (level 11, -8/88 (89) HPs)
             Began as a Merfolk Shapeshifter on Aug 25, 2023.
             Was an Initiate of Wu Jian.
             Mangled by a catoblepas (15 damage)
             ... while petrified by a catoblepas
             ... on level 9 of the Dungeon.
             The game lasted 00:16:20 (9419 turns).

CrazyBamboolord the Mimic (Merfolk Shapeshifter)    Turns: 9419, Time: 00:16:20

HP:   -8/88 (89)    AC:  6    Str: 20    XL:     11   Next: 12%
MP:   11/11         EV:  2    Int:  8    God:    Wu Jian [......]
Gold: 413           SH:  0    Dex: 14    Spells: 10/10 levels left

rFire   . .          .
                       - Unarmed
rCold   . . .        (no shield)
rNeg    + + +        A - melded +3 ring mail of the Arcane {rPois rF+ rCorr SInv}
rPois   ∞            (no helmet)
rElec   .            p - +1 cloak
rCorr   .            (no gloves)
SInv    .            (no boots)
Will    .....        (no amulet)
Stlth   +            u - +5 ring of evasion
HPRegen 0.34/turn    m - +4 ring of protection
MPRegen 0.12/turn

%: no passive effects
@: maw-form, petrified, studying Transmutations, lightly drained
A: devouring maw, (nimble swimmer 2), mertail
a: Begin Untransformation, Renounce Religion


You were on level 9 of the Dungeon.
You worshipped Wu Jian.
Wu Jian was noncommittal.
You were a creature with a mouth for a stomach.
You visited 2 branches of the dungeon, and saw 10 of its levels.

You collected 413 gold pieces.

Inventory:

Missiles
 v - 2 throwing nets
Armour
 f - a scarf of harm
 p - a +1 cloak (worn)
 A - the +3 ring mail of the Arcane (melded) {rPois rF+ rCorr SInv}
   (You found it on level 5 of the Dungeon)

   rF+:       It protects you from fire.
   rPois:     It protects you from poison SInv: It lets you see invisible.
   rCorr:     It protects you from acid and corrosion.
Jewellery
 i - a ring of protection from fire
 k - a ring of wizardry
 l - a ring of protection from fire
 m - a +4 ring of protection (right hand)
 u - a +5 ring of evasion (left hand)
Talismans
 c - a beast talisman
 d - a flux talisman
 r - a maw talisman (active)
Wands
 w - a wand of polymorph (29)
 y - a wand of flame (10)
Scrolls
 a - 2 scrolls of fog
 j - 6 scrolls of teleportation
 s - a scroll of amnesia
 x - 3 scrolls of identify
 z - a scroll of immolation
Potions
 b - 2 potions of lignification
 e - 2 potions of magic
 g - a potion of resistance
 h - a potion of attraction
 n - a potion of ambrosia
 o - a potion of enlightenment
 q - a potion of haste
 t - a potion of berserk rage


   Skills:
 + Level 9.0 Fighting
 + Level 2.0 Armour
 + Level 8.0 Dodging
 - Level 8.0 Unarmed Combat
 + Level 14.0 Shapeshifting


You had 10 spell levels left.
You didn't know any spells.
Your spell library contained the following spells:

 Spells                   Type           Power      Damage    Failure   Level
 Sandblast                Erth           0%         2d4       41%         1
 Slow                     Hex            0%         N/A       41%         1
 Cigotuvi's Dreadful Rot  Necr/Pois/Air  0%         N/A       54%         2
 Passwall                 Tmut/Erth      0%         N/A       54%         2
 Confusing Touch          Hex            0%         N/A       78%         3
 Ignite Poison            Fire/Tmut/Pois 0%         N/A       78%         3
 Stone Arrow              Conj/Erth      0%         3d7       78%         3
 Vampiric Draining        Necr           0%         2d6       78%         3
 Freezing Cloud           Conj/Ice/Air   0%         6-21      100%        5


Dungeon Overview and Level Annotations

Branches:
Dungeon (9/15)             Temple (1/1) D:5             Orc (0/2) D:9
   Lair: D:8-11

Altars:
Ashenzari
Cheibriados
Dithmenos
Elyvilon
Fedhas
Gozag
Hepliaklqana
Kikubaaqudgha
Nemelex Xobeh
Okawaru
Qazlal
Ru
Sif Muna
Trog
Uskayaw
Vehumet
Wu Jian
Xom
Yredelemnul
Zin

Annotations:
D:6 2 transporters, blacky4's ghost, novice TrSh


Innate Abilities, Weirdness & Mutations

You are a creature with a mouth for a stomach.
Your midsection houses a second, enormous mouth.
You are immune to poison.
((You are very nimble when in or above water. (Stealth+, EV+, Speed+++)))
Your lower body shifts to a powerful aquatic tail in water.


Message History

The catoblepas breathes a plume of calcifying dust at you.
The blast of calcifying dust hits you!
The catoblepas moves out of view.
You're standing in a cloud of calcifying dust!
You're standing in a cloud of calcifying dust!
You punch the catoblepas! You bite the catoblepas!
The catoblepas is moderately wounded.
The catoblepas gores you!
You hit the catoblepas. You bite the catoblepas.
The catoblepas is moderately wounded.
The catoblepas gores you!!
You punch the catoblepas!
The catoblepas is heavily wounded.
You punch the catoblepas!
The catoblepas is severely wounded.
The catoblepas misses you.
You punch the catoblepas! You bite the catoblepas.
The catoblepas is severely wounded.
The catoblepas breathes a plume of calcifying dust at you.
The blast of calcifying dust hits you.
You hit the catoblepas but do no damage.
You punch the catoblepas, but do no damage.
The catoblepas is severely wounded.
You are engulfed in calcifying dust.
You are slowing down.
The catoblepas closely misses you. The catoblepas gores you!!
Your limbs are stiffening.
Unknown command.
Unknown command.
Okay, then.
As you read the scroll of identify, it crumbles to dust.
n - a potion of ambrosia The catoblepas closely misses you.
The catoblepas barely misses you.
You have turned to stone.
The catoblepas gores you! The catoblepas gores you!!
* * * LOW HITPOINT WARNING * * *
The catoblepas gores you!!
* * * LOW HITPOINT WARNING * * *
The catoblepas gores you!!
You die...

.# #+#...####.##.##....##.#### .#
#.###...#..#..#..⌠..#..# .#
##...###...##.##....##.## .#
#..#...###.#...#'#..#..# .#
##.####...#####...####.###### .#
#..# #+#...#.###...#..#.#... .#
##.## ##.##...###...##<..#+
.###..# #..#..#...###.#....#.
..##.## ##.##W####...#'#..#.#.
#.....### #..#..Y..###...#..#.#.
#####...####.##.##....##.#####.'.
###...#..#..# .⌠..#..#.....#.
###...##.## ..##.##.#####.
###.'...###..#..##.....#.
#####...####.###.....#+
###...#..# #......[
###...####.......


You could see a catoblepas.

Vanquished Creatures
  3 two-headed ogres (D:9)
  A hornet (D:7)
  2 wyverns
  4 steam dragons
  2 vampire mosquitoes (D:7)
  3 wargs (D:9)
  An acid dragon (D:9)
  2 water moccasins
  2 black bears
  A sky beast (D:8)
  2 orc warriors
  2 ogres (D:5)
  A centaur (D:9)
  2 kobold brigands
  A phantom (D:5)
  3 bullfrogs
  A gnoll sergeant (D:8)
  4 scorpions
  9 wights
  4 killer bees (D:9)
  5 howler monkeys
  4 hounds
  4 orc priests
  2 jellies
  A gnoll bouda (D:6)
  6 iguanas
  5 orc wizards
  4 mutant beasts (D:8)
  8 gnolls
  7 adders
  A shadow imp (D:5)
  A white imp (D:7)
  4 worms
  4 dart slugs
  41 orcs
  4 ball pythons
  3 bats (D:3)
  9 endoplasms
  17 giant cockroaches
  8 goblins
  4 hobgoblins
  3 jackals (D:1)
  5 kobolds
  2 quokkas
  3 frilled lizards
  4 rats
209 creatures vanquished.

Vanquished Creatures (others)
  A mutant beast (D:8)
  An orc (D:6)
  An endoplasm (D:3)
  3 kobolds (D:8)
6 creatures vanquished.

Grand Total: 215 creatures vanquished

Notes
Turn   | Place    | Note
-------+----------+-------------------------------------------
     0 | D:1      | CrazyBamboolord the Merfolk Shapeshifter began the quest
                  | for the Orb.
     0 | D:1      | Reached XP level 1. HP: 15/15 MP: 1/1
   267 | D:1      | Reached XP level 2. HP: 21/21 MP: 2/2
   391 | D:1      | Reached skill level 5 in Shapeshifting
   391 | D:1      | Reached XP level 3. HP: 12/26 MP: 3/3
  1073 | D:2      | Found a faded altar of an unknown god.
  1461 | D:3      | Reached skill level 6 in Shapeshifting
  1465 | D:3      | Reached XP level 4. HP: 31/32 MP: 4/4
  1631 | D:3      | Reached skill level 7 in Shapeshifting
  1631 | D:3      | Reached XP level 5. HP: 9/37 MP: 5/5
  1767 | D:3      | Found a shadowy altar of Dithmenos.
  1786 | D:3      | Found an ornate altar of the Wu Jian Council.
  2464 | D:4      | Found an iron altar of Okawaru.
  2495 | D:4      | Found a sparkling altar of Nemelex Xobeh.
  2630 | D:4      | Reached XP level 6. HP: 44/44 MP: 6/6
  2724 | D:4      | Reached skill level 1 in Armour
  3571 | D:5      | Entered Level 5 of the Dungeon
  3629 | D:5      | Reached XP level 7. HP: 50/51 MP: 7/7
  3831 | D:5      | Identified the +3 ring mail of the Arcane {rPois rF+ rCorr
                  | SInv}
  3842 | D:5      | Found a sacrificial altar of Ru.
  3875 | D:5      | Found a staircase to the Ecumenical Temple.
  3890 | D:5      | Reached skill level 5 in Dodging
  3890 | D:5      | Reached skill level 5 in Unarmed Combat
  3901 | Temple   | Entered the Ecumenical Temple
  4102 | D:5      | Found a shimmering altar of Xom.
  4180 | D:5      | Reached XP level 8. HP: 33/61 MP: 8/8
  4352 | D:5      | Reached skill level 5 in Fighting
  4507 | D:6      | Reached skill level 8 in Shapeshifting
  4618 | D:6      | Identified the +0 robe "Houkiliq" {rPois rF+}
  4654 | D:6      | Reached skill level 9 in Shapeshifting
  4988 | D:6      | Reached XP level 9. HP: 72/72 MP: 9/9
  5113 | D:6      | Found a transporter.
  5113 | D:6      | Identified the +9 dire flail of Unasin {venom, rF+ Will+
                  | MP-9}
  5113 | D:6      | Noticed a two-headed ogre
  5113 | D:6      | Noticed blacky4's ghost (novice TrSh)
  5114 | D:6      | Found a transporter.
  5495 | D:7      | Reached skill level 10 in Shapeshifting
  5583 | D:7      | Noticed a hornet
  5592 | D:7      | Killed a hornet
  6309 | D:8      | Noticed a juvenile oxweird beast
  6329 | D:8      | Killed a juvenile oxweird beast
  6333 | D:8      | HP: 1/111 [larval fireshock beast/living lightning (13)]
  6344 | D:8      | HP: 1/111 [kobold brigand/+0 dagger (4)]
  6605 | D:8      | Reached XP level 10. HP: 80/80 MP: 10/10
  6700 | D:8      | Reached skill level 11 in Shapeshifting
  7628 | D:9      | Found a hide-covered altar of Uskayaw.
  7782 | D:3      | Became a worshipper of the Wu Jian Council
  7920 | D:9      | Found a bloodstained altar of Trog.
  7938 | D:9      | Noticed a two-headed ogre
  8066 | D:9      | Killed a two-headed ogre
  8168 | D:9      | Found a staircase to the Orcish Mines.
  8368 | D:9      | Found a stormy altar of Qazlal.
  8378 | D:9      | Reached skill level 12 in Shapeshifting
  8408 | D:9      | Noticed a two-headed ogre
  8415 | D:9      | Killed a two-headed ogre
  8620 | D:9      | Found a white marble altar of Elyvilon.
  8643 | D:9      | Noticed a two-headed ogre
  8650 | D:9      | Killed a two-headed ogre
  8651 | D:9      | Reached skill level 13 in Shapeshifting
  8651 | D:9      | Reached XP level 11. HP: 89/89 MP: 11/11
  9271 | D:9      | Reached skill level 14 in Shapeshifting
  9404 | D:9      | Noticed a catoblepas
  9419 | D:9      | Mangled by a catoblepas

Illustrated notes

Levels and vault maps discovered:
D:1:      dpeg_arrival_snail, layout_basic
D:2:      layout_loops_cross, shapermc_ecumenical_altar_mp_highgroup,
          kennysheep_generic_room_13
D:3:      minmay_roachtagon, layout_loops_cross,
          grunt_dithmenos_smoke_and_mirrors, nzn_wu_jian_contemplation
D:4:      layout_layer_cave, grunt_temple_overflow_open
D:5:      layout_loops_cross, xom_teletrap_fun, mainiacjoe_overflow_alcove_2,
          minmay_temple_entry_nine_rooms
D:6:      layout_basic, gammafunk_ghost_smash, minmay_manual_moon
D:7:      nicolae_cairo_tiling_very_big, layout_cave_pools
D:8:      layout_loops_corners, nicolae_beast_mode
D:9:      minmay_skewed_foursquare, layout_basic,
          nicolae_uskayaw_murder_on_the_dancefloor,
          mainiacjoe_overflow_six_doors_small, lemuel_doored_altar,
          trog_three_pillars_becter, minmay_orc_entry_guard_dogs, serial_curves,
          eino_curves_03, eino_curves_04
Temple:   nicolae_temple_bog_church

Skill      XL: |  1  2  3  4  5  6  7  8  9 10 11 |
---------------+----------------------------------+-----
Shapeshifting  | 5 6 7 9 10 13 14 | 14.0
Dodging        | 3 4 5 7 8 |  8.0
Fighting       | 2 4 7 8 9 |  9.0
Armour         | 1 2 |  2.0
Unarmed Combat | 4 5 6 8 |  8.0

Action                     |  1- 3 |  4- 6 |  7- 9 | 10-12 || total
---------------------------+-------+-------+-------+-------++-------
  Melee: Unarmed           |    84 |   217 |   294 |   153 ||   748
         Punch             |     4 |     1 |     4 |     5 ||    14
         Maw               |       |       |    22 |    51 ||    73
         Tailslap          |       |       |       |     1 ||     1
Ability: Lunge             |       |       |       |    10 ||    10
  Evoke: Wand              |       |       |     8 |       ||     8
    Use: Scroll            |     3 |     7 |     5 |     2 ||    17
         Potion            |       |     6 |     3 |       ||     9
   Stab: Paralysed         |       |       |     2 |       ||     2
         Distracted        |       |       |       |     1 ||     1
         Sleeping          |       |       |       |     1 ||     1
 Armour: Animal skin       |     1 |       |       |       ||     1
         Leather armour    |    13 |    20 |       |       ||    33
         Skin              |       |    28 |    34 |    14 ||    76
         Chain mail        |       |    95 |    78 |       ||   173
  Dodge: Dodged            |    34 |    92 |   205 |   140 ||   471
         Form:             |     1 |       |       |     1 ||     2
         Beast             |     1 |       |       |       ||     1
         Flux              |       |     1 |       |       ||     1
         Maw               |       |       |     1 |     1 ||     2

Table legend: (Time is in decaauts)
 A = Elapsed time spent in this place.
 B = Non-inter-level travel time spent in this place.
 C = Inter-level travel time spent in this place.
 D = Time resting spent in this place.
 E = Time spent auto-exploring this place.
 F = Levels seen in this place.
 G = Mean time per level.
                   A        B        C        D        E       F      G
               +--------+--------+--------+--------+--------+-----+--------+
         Total |   9356 |   8576 |    780 |    525 |   6538 |  10 |  935.6 |
       Dungeon |   9354 |   8574 |    780 |    525 |   6538 |   9 | 1039.3 |
        Temple |      1 |      1 |      0 |      0 |      0 |   1 |    1.0 |
               +--------+--------+--------+--------+--------+-----+--------+

Top non-repeatable levels by time:
     D:8: 1592 daAuts
     D:9: 1428 daAuts
     D:3: 1121 daAuts
     D:6: 1024 daAuts
     D:5: 1005 daAuts
     D:4: 985 daAuts
     D:1: 831 daAuts
     D:7: 696 daAuts
     D:2: 669 daAuts
  Temple: 1 daAuts
